 Dungeon Crawl Stone Soup version 0.26.0-10-g1f06aea511 (webtiles) character file.

Game seed: 16524642009700353370

507 Borgoz the Skirmisher (level 7, -4/60 HPs)
             Began as a Ghoul Gladiator on Jan 18, 2021.
             Incinerated by a smoke demon (7 damage)
             ... with a sticky flame
             ... on level 2 of the Abyss.
             The game lasted 00:03:51 (3021 turns).

Borgoz the Skirmisher (Ghoul Gladiator)             Turns: 3021, Time: 00:03:52

Health: -4/60      AC:  8    Str: 18    XL:     7   Next: 18%
Magic:  6/6        EV: 12    Int:  3    God:
Gold:   165        SH:  0    Dex: 12    Spells: 6/6 levels left

rFire    . . .     SeeInvis .   a - +0 long sword
rCold    + . .     Faith    .   (no shield)
rNeg     + + +     Spirit   .   j - +0 ring mail
rPois    ∞         Reflect  .   c - +1 helmet
rElec    .         Harm     .   (no cloak)
rCorr    .         Rampage  .   (no gloves)
Will     .....                  o - +0 pair of boots
Stlth    +.........             e - amulet of the acrobat
HPRegen  0.00/turn              (no ring)
MPRegen  0.10/turn              (no ring)

@: liquid flames, glowing
A: claws 1, cold resistance 1, negative energy resistance 3, inhibited
regeneration, torment resistance, unbreathing
a: no special abilities


You were on level 2 of the Abyss.
You visited 1 branch of the dungeon, and saw 3 of its levels.
You visited the Abyss 1 time.

You collected 165 gold pieces.

Inventory:

Hand Weapons
 a - a +0 long sword (weapon)
Armour
 c - a +1 helmet (worn)
 j - a +0 ring mail (worn)
 o - a +0 pair of boots (worn)
Jewellery
 e - an amulet of the acrobat (around neck)
Scrolls
 d - a scroll of amnesia {unknown}
 f - a scroll of remove curse
 k - a scroll of enchant armour
 l - a scroll of magic mapping
Potions
 b - a potion of resistance
 h - a potion of flight


   Skills:
 + Level 4.5 Fighting
 + Level 4.2 Long Blades
 - Level 1.7 Throwing
 + Level 3.1 Armour
 + Level 4.2 Dodging


You had 6 spell levels left.
You didn't know any spells.
Your spell library was empty.

Dungeon Overview and Level Annotations

Branches:
Dungeon (3/15)

Altars:
Fedhas
Gozag

Annotations:
D:3 Crazy Yiuf


Innate Abilities, Weirdness & Mutations

You thrive by killing the living.
You are immune to poison.
You have sharp fingernails.
Your flesh is cold resistant. (rC+)
You are immune to negative energy. (rN+++)
You do not regenerate when monsters are visible.
You are immune to unholy pain and torment.
You can survive without breathing.


Message History

You throw a throwing net.
The throwing net closely misses the smoke demon.
You are covered in liquid flames!
* * * LOW HITPOINT WARNING * * *
The smoke demon hits you.
* * * LOW HITPOINT WARNING * * *
The smoke demon hits you but does no damage.
The smoke demon barely misses you.
You hit the smoke demon.
The smoke demon is heavily wounded.
You are covered in liquid flames!
* * * LOW HITPOINT WARNING * * *
The smoke demon hits you.
* * * LOW HITPOINT WARNING * * *
The smoke demon hits you but does no damage.
The smoke demon barely misses you.
You hit the smoke demon.
The smoke demon is severely wounded.
You are covered in liquid flames!
You die...

♣♣♣ ♣A# ♣♣♣@♣
♣....#♣..♣3....#
♣ ...'.♣.
♣......
.##...#♣♣♣♣
♣...#. ♣.##
♣.... ...# ..#
.(


You could see a smoke demon.

Vanquished Creatures
  Grinder (D:3)
  The ghost of ggurman the Bolt Thrower, an amateur PaHu (D:3)
  Jessica (D:2)
  Terence (D:2)
  4 adders (D:3)
  A river rat (D:3)
  An ooze (D:2)
  6 worms
  A dart slug (D:2)
  2 leopard geckos (D:3)
  6 bats
  5 giant cockroaches
  7 hobgoblins
  5 jackals
  A quokka (D:2)
  A ball python (D:3)
  6 frilled lizards
  8 goblins
  7 kobolds
  4 rats
69 creatures vanquished.

Notes
Turn   | Place    | Note
-------+----------+-------------------------------------------
     0 | D:1      | Borgoz the Ghoul Gladiator began the quest for the Orb.
     0 | D:1      | Reached XP level 1. HP: 17/17 MP: 0/0
   103 | D:1      | Reached XP level 2. HP: 25/25 MP: 1/1
   237 | D:1      | Reached XP level 3. HP: 30/30 MP: 2/2
   307 | D:1      | Reached skill level 1 in Armour
   891 | D:2      | Noticed Terence
   919 | D:2      | Killed Terence
   920 | D:2      | Reached XP level 4. HP: 13/38 MP: 3/3
  1119 | D:2      | Found an opulent altar of Gozag.
  1448 | D:2      | Found a blossoming altar of Fedhas.
  1453 | D:2      | Noticed Jessica
  1459 | D:2      | Killed Jessica
  1468 | D:2      | Reached XP level 5. HP: 45/45 MP: 4/4
  1569 | D:3      | Noticed Grinder
  1571 | D:3      | Paralysed by Grinder for 5 turns
  1582 | D:3      | Paralysed by Grinder for 4 turns
  1589 | D:3      | Paralysed by Grinder for 4 turns
  1600 | D:3      | Paralysed by Grinder for 2 turns
  1905 | D:3      | Found a runed translucent door.
  1958 | D:3      | Found a faded altar of an unknown god.
  2028 | D:3      | Paralysed by Grinder for 3 turns
  2047 | D:3      | Killed Grinder
  2048 | D:3      | Reached XP level 6. HP: 34/52 MP: 5/5
  2387 | D:3      | Found a runed translucent door.
  2399 | D:3      | Noticed ggurman's ghost (amateur PaHu)
  2424 | D:3      | Killed ggurman's ghost
  2425 | D:3      | Reached XP level 7. HP: 47/60 MP: 6/6
  2704 | D:3      | Found a runed translucent door.
  2705 | D:3      | Noticed Crazy Yiuf
  2927 | D:3      | Cast into level 2 of the Abyss (Crazy Yiuf)
  3011 | Abyss:2  | Noticed an angel
  3014 | Abyss:2  | Noticed a smoke demon
  3020 | Abyss:2  | HP: 3/60 [smoke demon (1)]
  3021 | Abyss:2  | Incinerated by a smoke demon

Illustrated notes

Levels and vault maps discovered:
D:1:      scummos_arrival_star, layout_basic
D:2:      layout_basic, nicolae_overflow_hidden_temple, grunt_gozag_breadcrumbs,
          kennysheep_generic_room_9, uniq_terence, uniq_jessica
D:3:      layout_loops_ring, chequers_ecumenical_altar_lobes,
          ebering_ghost_sewer_f, uniq_grinder, uniq_crazy_yiuf_cottage
Abyss:2:  base:
D:1

Skill      XL: |  1  2  3  4  5  6 |
---------------+-------------------+-----
Long Blades    | 3 4 |  4.2
Armour         | 1 2 3 |  3.1
Dodging        | 3 4 |  4.2
Fighting       | 3 4 |  4.5
Throwing       | |  1.7

Action                   |  1- 3 |  4- 6 |  7- 9 || total
-------------------------+-------+-------+-------++-------
Melee: Long sword        |    89 |   147 |    27 ||   263
Throw: Throwing net      |     2 |     1 |     1 ||     4
  Use: Scroll            |     3 |     4 |       ||     7
       Potion            |       |     6 |       ||     6
 Stab: Held in net/web   |     1 |       |       ||     1
       Sleeping          |     1 |       |       ||     1
Armor: Leather armour    |    17 |    28 |       ||    45
       Ring mail         |       |    25 |    10 ||    35
Dodge: Dodged            |    69 |   107 |    20 ||   196
       Rpst.: Long sword |    29 |    37 |     5 ||    71
